 Dungeon Crawl Stone Soup version 0.23.2-33-g5129a83184 (webtiles) character file.

Game seed: 12994025588054924563

14186 Exodus22XD the Markscentaur (level 11, 0/99 HPs)
             Began as a Centaur Hunter on July 1, 2019.
             Was the Champion of Okawaru.
             Slain by a catoblepas (6 damage)
             ... while petrified by you
             ... on level 4 of the Lair of Beasts.
             The game lasted 00:49:01 (13014 turns).

Exodus22XD the Markscentaur (Centaur Hunter)       Turns: 13014, Time: 00:49:01

Health: 0/99       AC: 11    Str: 21    XL:     11   Next: 85%
Magic:  13/13      EV:  1    Int: 10    God:    Okawaru [******]
Gold:   461        SH:  0    Dex: 10    Spells: 10/10 levels left

rFire    x . .     SeeInvis +   H - +2 shortbow (freeze)
rCold    + . .     Gourm    .   (shield currently unavailable)
rNeg     + + +     Faith    .   G - +0 chain mail of Cowardice {+Blink Str+3 SInv}
rPois    ∞         Spirit   .   (no helmet)
rElec    .         Reflect  .   u - +2 cloak {rPois}
rCorr    .         Harm     .   s - +0 pair of gloves
MR       .....                  (no barding)
Stlth    ..........             c - amulet of the acrobat
HPRegen  0.26/turn              t - ring of ice
MPRegen  0.13/turn              E - ring of stealth

@: petrified, very quick
A: large, hooves 3, deformed body, speed 2, tough skin 3
a: Heroism, Finesse, Renounce Religion, Evoke Blink


You were on level 4 of the Lair of Beasts.
You worshipped Okawaru.
Okawaru was exalted by your worship.
You were not hungry.

You visited 3 branches of the dungeon, and saw 16 of its levels.

You collected 795 gold pieces.
You spent 334 gold pieces at shops.

Inventory:

Hand Weapons
 i - a +1 short sword of draining
 H - a +2 shortbow of freezing (weapon)
Missiles
 d - 73 arrows (quivered)
Armour
 s - a +0 pair of gloves (worn)
 u - a +2 cloak of poison resistance (worn)
 D - a +1 ring mail of magic resistance
 G - the +0 chain mail of Cowardice (worn) {+Blink Str+3 SInv}
   (You bought it in a shop on level 7 of the Dungeon)

   It affects your strength (+3).
   It lets you see invisible.
   It lets you blink.
Jewellery
 c - an amulet of the acrobat (around neck)
 r - an uncursed ring of magical power {unknown}
 t - a ring of ice (left hand)
 B - an uncursed amulet of the gourmand
 E - a ring of stealth (right hand)
Wands
 x - a wand of iceblast (13)
 y - a wand of random effects (16)
 z - a wand of polymorph (6)
 A - a wand of flame (21)
 L - a wand of paralysis (3)
Scrolls
 j - 2 scrolls of fog
 l - a scroll of remove curse
 m - a scroll of immolation
 o - a scroll of enchant armour
 p - 2 scrolls of identify
 C - 2 scrolls of random uselessness {unknown}
 I - a scroll of magic mapping {unknown}
 J - a scroll of enchant weapon {unknown}
 K - a scroll of teleportation
Potions
 a - 2 potions of berserk rage {unknown}
 b - 3 potions of agility
 e - 3 potions of cancellation
 g - a potion of mutation {unknown}
 h - a potion of brilliance
 k - 4 potions of curing
 n - a potion of magic {unknown}
 q - 5 potions of flight
 v - a potion of degeneration {unknown}
 w - 2 potions of resistance
 F - 2 potions of lignification {unknown}
 M - a potion of heal wounds
Comestibles
 f - 18 rations


   Skills:
 + Level 9.8 Fighting
 * Level 19.5 Bows
 - Level 1.0 Armour
 + Level 2.6 Dodging
 - Level 0.6 Stealth
 * Level 3.3 Invocations


You had 10 spell levels left.
You didn't know any spells.
Your spell library contained the following spells:

 Spells                   Type           Power        Failure   Level  Hunger
 Confusing Touch          Hex            #.....       99%         1    ##.....
 Confuse                  Hex            #.......     100%        3    ####...
 Gell's Gravitas          Tloc           #.........   100%        3    ####...
 Petrify                  Tmut/Erth      #.......     100%        4    #####..
 Metabolic Englaciation   Hex/Ice        #.........   100%        5    ######.
 Yara's Violent Unravell  Hex/Tmut       #.........   100%        5    ######.


Dungeon Overview and Level Annotations

Branches:
Dungeon (10/15)            Temple (1/1) D:4            Lair (5/6) D:9
    Orc (0/2) D:9
  Swamp: Lair:2-4    Shoals: Lair:2-4     Snake: Lair:2-4    Spider: Lair:2-4
  Slime: Lair:5-6

Altars:
Ashenzari
Cheibriados
Dithmenos
Elyvilon
Fedhas
Gozag
Hepliaklqana
Kikubaaqudgha
Makhleb
Nemelex Xobeh
Okawaru
Qazlal
Ru
Sif Muna
Trog
Uskayaw
Vehumet
Wu Jian
Xom
Yredelemnul
Zin
The Shining One

Shops:
D:4 (*?   D:5 !(:*   D:7 [   D:8 *

Annotations:
D:6 2 transporters, PeSeC's ghost, novice MiFi
Lair:3 3 runed translucent doors, Fannar; will825x's ghost, journeyman SpEn


Innate Abilities, Weirdness & Mutations

You have hooves in place of feet.
Armour fits poorly on your strangely shaped body.
You cover ground very quickly.
You have extremely tough skin. (AC +3)


Message History

Aim: a catoblepas (severely wounded)
You shoot an arrow.
The arrow completely misses the catoblepas.
You are engulfed in calcifying dust.
You are slowing down.
The catoblepas gores you!
* * * LOW HITPOINT WARNING * * *
Firing (i - inventory)
d - 74 arrows (quivered)
Press: ? - help, Shift-Dir - straight line, f/p - catoblepas
Aim: a catoblepas (severely wounded)
You shoot an arrow. The arrow barely misses the catoblepas.
You are engulfed in calcifying dust.
Your limbs have turned to stone.
The catoblepas breathes a plume of calcifying dust at you.
The blast of calcifying dust hits you!
* * * LOW HITPOINT WARNING * * *
You have turned to stone.
You are engulfed in calcifying dust.
The catoblepas gores you!!
* * * LOW HITPOINT WARNING * * *
You are engulfed in calcifying dust.
The catoblepas gores you!
You die...

#.......................
#.......................
#....##P#.##P#P#####.#..
#...############ #####
#....## #....#.## ###
#####
#.....#.####.########..##
##..........(.((.(.......
#.....§§@Y(....(.......(.
##.......................
#P.#.#...#P.#..#####P#..
######P.#####.## ####.
#### ### ##


You could see a catoblepas.

Vanquished Creatures
  2 hydras
  Sonja (D:10)
  A black mamba (Lair:4)
  Psyche (D:10)
  3 spiny frogs
  2 komodo dragons
  5 blink frogs (Lair:2)
  Grinder (D:5)
  8 hippogriffs
  A spriggan (Lair:1)
  Sigmund (D:4)
  Eustachio (D:5)
  A basilisk (Lair:1)
  7 yaks (Lair:3)
  8 porcupines
  7 water moccasins
  2 ice beasts
  A sky beast (D:9)
  3 orc warriors
  6 ogres
  5 centaurs
  5 wolves
  6 crocodiles
  Blork the orc (D:5)
  9 bullfrogs
  3 scorpions
  4 howler monkeys
  A centaur zombie (D:10)
  2 bullfrog zombies (D:6)
  4 crimson imps
  A jelly (D:8)
  2 quasits
  4 orc wizards
  2 hounds
  7 orc priests
  Crazy Yiuf (D:3)
  A bullfrog skeleton (D:4)
  A centaur skeleton (D:9)
  2 iguanas
  10 worker ants
  A howler monkey zombie (D:6)
  20 adders
  An ooze (D:6)
  An adder skeleton (D:9)
  2 worms (D:3)
  4 leopard geckos
  29 orcs
  4 ball pythons
  10 bats
  8 giant cockroaches
  12 hobgoblins
  4 jackals (D:5)
  4 quokkas
  7 frilled lizards
  A giant cockroach zombie (D:6)
  10 goblins
  10 kobolds
  8 rats
  2 fungi (D:3)
271 creatures vanquished.

Vanquished Creatures (others)
  6 bushes (D:10)
  A fungus (Lair:5)
  8 plants
15 creatures vanquished.

Grand Total: 286 creatures vanquished

Notes
Turn   | Place    | Note
-------+----------+-------------------------------------------
     0 | D:1      | Exodus22XD the Centaur Hunter began the quest for the Orb.
     0 | D:1      | Reached XP level 1. HP: 17/17 MP: 1/1
   330 | D:1      | Reached XP level 2. HP: 9/24 MP: 2/2
   594 | D:1      | Reached skill level 6 in Bows
   803 | D:2      | Reached XP level 3. HP: 7/29 MP: 3/3
  1227 | D:2      | Reached skill level 1 in Armour
  1505 | D:2      | Reached XP level 4. HP: 29/36 MP: 4/4
  1885 | D:3      | Reached XP level 5. HP: 32/44 MP: 5/5
  1965 | D:3      | Reached skill level 7 in Bows
  1991 | D:3      | Found a shattered altar of Ashenzari.
  2871 | D:3      | Found a runed translucent door.
  2872 | D:3      | Noticed Crazy Yiuf
  2920 | D:3      | Killed Crazy Yiuf
  2920 | D:3      | Reached skill level 8 in Bows
  2920 | D:3      | Reached XP level 6. HP: 51/51 MP: 6/6
  3083 | D:4      | Found a staircase to the Ecumenical Temple.
  3139 | Temple   | Entered the Ecumenical Temple
  3249 | Temple   | Became a worshipper of Warmaster Okawaru
  3297 | D:4      | Noticed Sigmund
  3505 | D:4      | Killed Sigmund
  3505 | D:4      | Reached * piety under Okawaru
  3505 | D:4      | Reached skill level 9 in Bows
  3505 | D:4      | Reached XP level 7. HP: 57/57 MP: 7/7
  3566 | D:4      | Found Ylihed's Antique Weapon Shop.
  3895 | D:4      | Found Sagh's Assorted Antiques.
  3956 | D:4      | Found Xiunteso's Magic Scroll Boutique.
  3961 | D:4      | Bought a scroll of remove curse for 42 gold pieces
  3984 | D:5      | Entered Level 5 of the Dungeon
  3998 | D:5      | Noticed Grinder
  4019 | D:5      | Found Ivulissud's Antique Weapon Emporium.
  4027 | D:5      | Paralysed by Grinder for 5 turns
  4036 | D:5      | Paralysed by Grinder for 3 turns
  4042 | D:5      | Paralysed by Grinder for 7 turns
  4056 | D:5      | Killed Grinder
  4056 | D:5      | Reached skill level 10 in Bows
  4376 | D:5      | Found Yto Bef's General Store.
  4448 | D:5      | Found Jill's Distillery.
  4448 | D:5      | Noticed Blork the orc
  4453 | D:5      | Noticed Eustachio
  4469 | D:5      | Killed Eustachio
  4469 | D:5      | Reached skill level 11 in Bows
  4534 | D:5      | Reached ** piety under Okawaru
  4629 | D:5      | Reached XP level 8. HP: 66/66 MP: 8/8
  4785 | D:5      | Killed Blork the orc
  4991 | D:5      | Found Facziesh's Book Shoppe.
  5037 | D:6      | Found a transporter.
  5039 | D:6      | Noticed PeSeC's ghost (novice MiFi)
  5048 | D:6      | Reached skill level 12 in Bows
  5058 | D:6      | Noticed a two-headed ogre
  5450 | D:6      | Found a transporter.
  5516 | D:6      | Reached skill level 13 in Bows
  5738 | D:6      | Reached skill level 5 in Fighting
  6342 | D:7      | Reached XP level 9. HP: 74/74 MP: 9/9
  6413 | D:7      | Found Woele's Antique Armour Emporium.
  6416 | D:7      | Bought a dazzling chain mail for 237 gold pieces
  6426 | D:7      | Identified the cursed +0 chain mail of Cowardice {+Blink
                  | Str+3 SInv} (You bought it in a shop on level 7 of the
                  | Dungeon)
  6508 | D:7      | Reached *** piety under Okawaru
  6918 | D:8      | Received a gift from Okawaru
  6918 | D:8      | Reached skill level 14 in Bows
  6918 | D:8      | Reached skill level 1 in Invocations
  7254 | D:8      | Found Eston's General Store.
  7281 | D:8      | Bought a potion of heal wounds for 55 gold pieces
  7439 | D:8      | Reached skill level 15 in Bows
  7888 | D:9      | Found a staircase to the Orcish Mines.
  7919 | D:9      | Found a staircase to the Lair.
  7919 | D:9      | Noticed a komodo dragon
  7941 | D:9      | Killed a komodo dragon
  7941 | D:9      | Reached **** piety under Okawaru
  8031 | D:9      | Received a gift from Okawaru
  8116 | D:9      | Reached XP level 10. HP: 84/84 MP: 12/12
  8716 | D:9      | You fall through a shaft!
  8716 | D:10     | Entered Level 10 of the Dungeon
  8719 | D:10     | Noticed Psyche
  8729 | D:10     | Noticed an ice dragon
  8770 | D:10     | Reached skill level 16 in Bows
  8855 | D:10     | Noticed Sonja
  8952 | D:10     | Killed Sonja
  9353 | D:10     | Killed Psyche
  9707 | Lair:1   | Entered Level 1 of the Lair of Beasts
  9776 | Lair:1   | Received a gift from Okawaru
  9798 | Lair:1   | Noticed a spiny frog
  9808 | Lair:1   | Killed a spiny frog
  9808 | Lair:1   | Reached skill level 17 in Bows
  9921 | Lair:1   | Reached ***** piety under Okawaru
 10275 | Lair:1   | Noticed a seven-headed hydra
 10294 | Lair:1   | Killed a seven-headed hydra
 10294 | Lair:1   | Reached XP level 11. HP: 94/94 MP: 13/13
 10814 | Lair:2   | Reached skill level 18 in Bows
 11178 | Lair:2   | Received a gift from Okawaru
 11579 | Lair:3   | Noticed will825x's ghost (journeyman SpEn)
 11593 | Lair:3   | Noticed a seven-headed hydra
 11621 | Lair:3   | Killed a seven-headed hydra
 11621 | Lair:3   | Received a gift from Okawaru
 11815 | Lair:3   | Reached skill level 19 in Bows
 11818 | Lair:3   | Received a gift from Okawaru
 11956 | Lair:3   | Found a runed translucent gate.
 11956 | Lair:3   | Found a runed translucent gate.
 11957 | Lair:3   | Found a runed translucent gate.
 11980 | Lair:3   | Noticed Fannar
 12067 | Lair:3   | Reached ****** piety under Okawaru
 12098 | Lair:2   | HP: 4/99 [poisoned by a spiny frog]
 12104 | Lair:2   | HP: 4/99 [poisoned by a spiny frog]
 12112 | Lair:2   | HP: 4/99 [poisoned by a spiny frog]
 12565 | Lair:3   | You fall through a shaft for 2 floors!
 12957 | Lair:4   | Noticed a catoblepas
 13014 | Lair:4   | Slain by a catoblepas

Skill      XL: |  1  2  3  4  5  6  7  8  9 10 11 |
---------------+----------------------------------+-----
Bows           | 6 8 9 11 13 15 17 19 | 19.5
Armour         | 1 |  1.0
Dodging        | 2 |  2.6
Fighting       | 3 4 5 6 8 9 |  9.8
Invocations    | 3 |  3.3
Stealth        | |  0.6

Action                   |  1- 3 |  4- 6 |  7- 9 | 10-12 || total
-------------------------+-------+-------+-------+-------++-------
Melee: Short sword       |   113 |    66 |     3 |       ||   182
       Kick              |    18 |    16 |     2 |       ||    36
 Fire: Shortbow          |       |   160 |   474 |   508 ||  1142
Invok: Heroism           |       |       |     2 |     4 ||     6
  Use: Scroll            |     5 |     2 |     7 |     2 ||    16
       Potion            |       |       |     3 |     4 ||     7
  Eat: Chunk             |     1 |     5 |    11 |     6 ||    23
       Ration            |       |       |       |     2 ||     2
Armor: Ring mail         |    65 |    12 |     3 |       ||    80
       Chain mail        |       |    72 |    46 |    61 ||   179
Dodge: Dodged            |    71 |    37 |    43 |    65 ||   216
